[Event "ESP-ch Rapid 2018"]
[Site "Linares"]
[Date "2018.08.19"]
[Round "9"]
[White "Arroyo Rodriguez, Jesus"]
[Black "Tudela Corbalan, Carlos"]
[Result "0-1"]
[ECO "A04"]
[WhiteElo "2099"]
[BlackElo "2246"]
[Annotator "NA"]
[PlyCount "66"]
[EventDate "2018.08.19"]
[EventType "team-tourn"]
[EventCountry "ESP"]
[SourceTitle "playchess.com"]
[Source "ChessBase"]
[SourceQuality "1"]
[TimeControl "900+5"]

1. Nf3 d6 2. g3 g6 3. Bg2 Bg7 4. O-O e5 5. c4 f5 6. d4 e4 7. Ne1 Nf6 8. b3 O-O 9. Bb2 c6 10. d5 cxd5 11. cxd5 Na6 12. Nd2 Bd7 13. Nc4 Qe7 14. Nc2 Nc7 15. N2e3 g5 16. f4 exf3 17. Rxf3 Ne4 18. Bxg7 Qxg7 19. Rc1 Nb5 20. Qd3 Nc5 21. Qb1 Nd4 22. Rf2 Rae8 23. Nxd6 Rxe3 24. Rxc5 Nxe2+ 25. Kh1 Qe7 26. Nxb7 Nxg3+ 27. hxg3 Re1+ 28. Rf1 Rxb1 29. Rxb1 f4 30. d6 Qf6 31. gxf4 gxf4 32. Rh5 Qg6 33. Bd5+ Kh8 0-1

[Event "ESP-ch Rapid 2018"]
[Site "Linares"]
[Date "2018.08.19"]
[Round "9"]
[White "Razola, Garcia Joaquin"]
[Black "Blazquez Gomez, Juan Carlos"]
[Result "0-1"]
[ECO "B01"]
[WhiteElo "2087"]
[BlackElo "2240"]
[Annotator "NA"]
[PlyCount "116"]
[EventDate "2018.08.19"]
[EventType "team-tourn"]
[EventCountry "ESP"]
[SourceTitle "playchess.com"]
[Source "ChessBase"]
[SourceQuality "1"]
[TimeControl "900+5"]

1. e4 d5 2. e5 Bf5 3. d4 e6 4. c3 c5 5. Bd3 Bg6 6. Ne2 Nc6 7. O-O Nge7 8. Bg5 Qb6 9. Bxe7 Bxe7 10. b3 O-O 11. Kh1 Rac8 12. f4 cxd4 13. Bxg6 hxg6 14. cxd4 Nb4 15. Nbc3 Rc7 16. Rf3 Rfc8 17. Qd2 Nc6 18. Na4 Qb4 19. Qd3 b5 20. a3 Qa5 21. Nc5 Bxc5 22. dxc5 b4 23. Qd2 Qxc5 24. Rc1 Qb6 25. axb4 Nxb4 26. Rfc3 a5 27. h3 Kh7 28. Qe1 Rxc3 29. Rxc3 Rxc3 30. Nxc3 Kg8 31. Na4 Qc7 32. Qh4 d4 33. Nb2 d3 34. Nc4 Qd7 35. Nd2 Nd5 36. Kh2 Ne3 37. Qf2 Qd4 38. Kg1 Qa1+ 39. Kh2 Nf5 40. Qc5 Qe1 41. Nf3 Qg3+ 42. Kg1 Qxf4 43. Qxa5 Qc1+ 44. Kh2 Qc8 45. Qd2 Qd7 46. Qc3 Ne3 47. Qb4 f6 48. exf6 gxf6 49. Qc3 Kg7 50. h4 e5 51. Qd2 Ng4+ 52. Kg3 e4 53. Ne1 f5 54. Qc3+ Kh7 55. Kh3 d2 56. h5 d1=Q 57. hxg6+ Kxg6 58. Qg3 Qh7+ 0-1

[Event "ESP-ch Rapid 2018"]
[Site "Linares"]
[Date "2018.08.19"]
[Round "9"]
[White "Fernandez Diaz, Ignacio"]
[Black "Sanchez Jimenez, Juan Carlos"]
[Result "0-1"]
[ECO "C01"]
[WhiteElo "2071"]
[BlackElo "2228"]
[Annotator "NA"]
[PlyCount "50"]
[EventDate "2018.08.19"]
[EventType "team-tourn"]
[EventCountry "ESP"]
[SourceTitle "playchess.com"]
[Source "ChessBase"]
[SourceQuality "1"]
[TimeControl "900+5"]

1. e4 e6 2. d4 d5 3. exd5 exd5 4. Nf3 Nc6 5. Bb5 Bd6 6. c4 dxc4 7. d5 a6 8. Ba4 b5 9. dxc6 bxa4 10. Nbd2 Be6 11. Qxa4 Ne7 12. Nxc4 Bd5 13. Nd4 Bc5 14. Ne3 Rb8 15. Bd2 Bxg2 16. Rg1 Qxd4 17. Qxd4 Bxd4 18. Rxg2 Rxb2 19. O-O-O Rxa2 20. Nc2 Bf6 21. Bf4 Nxc6 22. Bxc7 O-O 23. Rd6 Be5 24. Rxc6 Rc8 25. Rg5 Bf4+ 0-1

[Event "ESP-ch Rapid 2018"]
[Site "Linares"]
[Date "2018.08.19"]
[Round "9"]
[White "Lopez Gonzalez, Alfonso"]
[Black "Cuenca Jimenez, Jose Fernando"]
[Result "0-1"]
[ECO "E71"]
[WhiteElo "2063"]
[BlackElo "2506"]
[Annotator "ChessBase"]
[PlyCount "94"]
[EventDate "2018.08.19"]
[EventType "team-tourn"]
[EventCountry "ESP"]
[SourceTitle "playchess.com"]
[Source "ChessBase"]
[SourceQuality "1"]
[TimeControl "900+5"]

1. d4 Nf6 2. c4 g6 3. Nc3 Bg7 4. e4 d6 5. h3 O-O 6. Bd3 Nc6 7. Nge2 Nd7 8. Bc2 Na5 9. b3 c5 10. dxc5 dxc5 11. Bb2 Nc6 12. Rb1 a6 13. O-O Nd4 14. Nd5 Nxe2+ 15. Qxe2 Bxb2 16. Rxb2 e6 17. Ne3 e5 18. Nd5 Nf6 19. Rbb1 Be6 20. Rbd1 Bxd5 21. exd5 Qd6 22. a3 a5 23. a4 b6 24. f4 exf4 25. Qf3 Nh5 26. Rfe1 Rae8 27. Kf2 Nf6 28. Rxe8 Rxe8 29. Re1 Rxe1 30. Kxe1 Qe5+ 31. Qe2 Nd7 32. Qxe5 Nxe5 33. Kf2 f5 34. Bb1 Kf7 35. Bc2 Kf6 36. Bb1 Nf7 37. Bc2 Ke5 38. Bb1 g5 39. Bc2 Nd6 40. Bb1 Kd4 41. Bc2 Kc3 42. Bd1 Kd2 43. Bf3 Kc2 44. h4 h6 45. hxg5 hxg5 46. g3 fxg3+ 47. Kxg3 Kxb3 0-1

[Event "ESP-ch Rapid 2018"]
[Site "Linares"]
[Date "2018.08.19"]
[Round "9"]
[White "Crespo Ruiz, Manuel Maria"]
[Black "Merario Alarcon, Andres"]
[Result "0-1"]
[ECO "A40"]
[WhiteElo "2026"]
[BlackElo "2406"]
[Annotator "NA"]
[PlyCount "148"]
[EventDate "2018.08.19"]
[EventType "team-tourn"]
[EventCountry "ESP"]
[SourceTitle "playchess.com"]
[Source "ChessBase"]
[SourceQuality "1"]
[TimeControl "900+5"]

1. d4 a6 2. Nf3 d5 3. Bf4 e6 4. e3 c5 5. Nbd2 Nc6 6. c3 Nf6 7. Bd3 cxd4 8. cxd4 Be7 9. O-O O-O 10. h3 Bd7 11. Rc1 Nb4 12. Bb1 Bb5 13. Re1 Nd3 14. Bxd3 Bxd3 15. Nb3 Bc4 16. Ne5 Rc8 17. Nxc4 dxc4 18. Nd2 b5 19. Qc2 Nd5 20. Qe4 Nb4 21. Ra1 Qd5 22. Qb1 Nd3 23. Rd1 Nxf4 24. exf4 Qxd4 25. Ne4 Qb6 26. Qc2 Rfd8 27. Re1 Rd4 28. Re3 Rcd8 29. Rae1 g6 30. Qe2 Rd3 31. Qf3 Qd4 32. g4 Rxe3 33. Rxe3 Qd1+ 34. Kg2 Qxf3+ 35. Kxf3 f5 36. Nc3 Kf7 37. g5 Bf8 38. Ke2 Bg7 39. Nd1 Rd4 40. Ra3 Rd6 41. Re3 Bd4 42. Ra3 Bc5 43. Rf3 Rd4 44. Ne3 Bd6 45. Ng2 Bb4 46. a3 Ba5 47. b4 Bb6 48. h4 a5 49. h5 axb4 50. hxg6+ hxg6 51. axb4 Bc7 52. Ra3 Ke7 53. Ra7 Kd7 54. Rb7 Kc6 55. Ra7 c3 56. Ra3 Rc4 57. Ra1 Rxb4 58. Kd3 Bxf4 59. Ra6+ Kd5 60. Kxc3 Rc4+ 61. Kd3 Bxg5 62. f4 Bf6 63. Ne3+ Kc5 64. Nxc4 bxc4+ 65. Ke3 Bd4+ 66. Kd2 Kd5 67. Ra4 e5 68. fxe5 Bxe5 69. Ke3 Bd4+ 70. Kf4 c3 71. Ra2 Kc4 72. Kg5 Kb3 73. Ra8 c2 74. Rb8+ Kc4 0-1

[Event "ESP-ch Rapid 2018"]
[Site "Linares"]
[Date "2018.08.19"]
[Round "9"]
[White "Bento Iglesias, Pablo"]
[Black "Galvez Extremera, Francisco"]
[Result "0-1"]
[ECO "B14"]
[WhiteElo "2007"]
[BlackElo "2142"]
[Annotator "NA"]
[PlyCount "80"]
[EventDate "2018.08.19"]
[EventType "team-tourn"]
[EventCountry "ESP"]
[SourceTitle "playchess.com"]
[Source "ChessBase"]
[SourceQuality "1"]
[TimeControl "900+5"]

1. e4 c6 2. c4 d5 3. exd5 cxd5 4. d4 Nf6 5. Nc3 e6 6. Bd3 Be7 7. Nf3 O-O 8. O-O dxc4 9. Bxc4 a6 10. a3 b5 11. Ba2 Bb7 12. Be3 Qd6 13. b4 Nbd7 14. Rc1 Ng4 15. d5 Nxe3 16. fxe3 exd5 17. Nxd5 Nf6 18. Nxe7+ Qxe7 19. Re1 Rad8 20. Qe2 Rfe8 21. Ng5 Bd5 22. Bb1 h6 23. Nf3 Ng4 24. e4 Qa7+ 25. Kh1 Nf2+ 26. Kg1 Nxe4+ 27. Qe3 Qb7 28. Nd2 Nf6 29. Qg3 Rxe1+ 30. Rxe1 Bxg2 31. Nb3 Bc6 32. Nc5 Qc8 33. h3 Rd2 34. Qe5 Rg2+ 35. Kf1 Rg5 36. Qe3 g6 37. h4 Rg2 38. Qf4 Qh3 39. Qb8+ Kg7 40. Be4 Qh1# 0-1

[Event "ESP-ch Rapid 2018"]
[Site "Linares"]
[Date "2018.08.19"]
[Round "9"]
[White "Blazquez Gomez, Miguel"]
[Black "Calzetta Ruiz, Monica"]
[Result "1-0"]
[ECO "B20"]
[WhiteElo "1998"]
[BlackElo "2302"]
[Annotator "NA"]
[PlyCount "120"]
[EventDate "2018.08.19"]
[EventType "team-tourn"]
[EventCountry "ESP"]
[SourceTitle "playchess.com"]
[Source "ChessBase"]
[SourceQuality "1"]
[TimeControl "900+5"]

1. e4 c5 2. a3 e5 3. Bc4 Nf6 4. Nc3 Be7 5. d3 O-O 6. f4 Nc6 7. Nf3 d6 8. f5 Nd4 9. O-O a6 10. Bg5 b5 11. Ba2 Bb7 12. Bxf6 Bxf6 13. Nd5 Rc8 14. c3 Nxf3+ 15. Qxf3 c4 16. dxc4 bxc4 17. Rad1 Bxd5 18. Rxd5 Qb6+ 19. Qf2 Qxf2+ 20. Kxf2 Rc6 21. Rfd1 Rb8 22. R5d2 Bg5 23. Re2 Kf8 24. g3 h5 25. h4 Bh6 26. Kf3 Ke7 27. g4 hxg4+ 28. Kxg4 Bf4 29. Rf1 a5 30. Rff2 Kf6 31. Rf1 Rb5 32. Rd1 Rbc5 33. Kf3 Rb6 34. a4 g6 35. fxg6 fxg6 36. Rg1 Rb7 37. Reg2 Rg7 38. Rd1 Ke7 39. Rdg1 Kf6 40. h5 g5 41. Kg4 Rh7 42. Rd1 Ke7 43. Bb1 Ke6 44. Rd5 Rhc7 45. h6 Be3 46. Rxc5 Rxc5 47. h7 Rc8 48. Ba2 d5 49. exd5+ Kxd5 50. Kf5 e4 51. Rh2 Rh8 52. Kg6 Bf4 53. Rh1 e3 54. Rd1+ Ke4 55. Bxc4 g4 56. Be2 g3 57. Rd4+ Ke5 58. Bf3 Rc8 59. Re4+ Kd6 60. Rxf4 Ra8 1-0

[Event "ESP-ch Rapid 2018"]
[Site "Linares"]
[Date "2018.08.19"]
[Round "9"]
[White "Diaz Rodriguez, Jose Antonio"]
[Black "Alvarez Serrano, Carlos"]
[Result "0-1"]
[ECO "B50"]
[WhiteElo "1991"]
[BlackElo "2225"]
[Annotator "NA"]
[PlyCount "73"]
[EventDate "2018.08.19"]
[EventType "team-tourn"]
[EventCountry "ESP"]
[SourceTitle "playchess.com"]
[Source "ChessBase"]
[SourceQuality "1"]
[TimeControl "900+5"]

1. e4 c5 2. Nf3 d6 3. c3 Nf6 4. h3 Bd7 5. Bd3 Bc6 6. Qe2 Nbd7 7. O-O g6 8. Bc2 e5 9. d4 b6 10. dxe5 dxe5 11. Rd1 Qc7 12. Bg5 Bg7 13. Nbd2 O-O 14. Qe3 Rad8 15. Nf1 Qb7 16. Ng3 c4 17. Rd6 Rc8 18. Rad1 Ne8 19. R6d2 Nc5 20. Bh6 f6 21. Bxg7 Kxg7 22. b3 cxb3 23. axb3 Nc7 24. b4 N5e6 25. Bb3 Rcd8 26. Rd6 Rxd6 27. Rxd6 Nf4 28. Qd2 Nb5 29. Rd8 Qe7 30. Rxf8 Qxf8 31. Nh4 Kh8 32. Bd5 Qd6 33. c4 Nd4 34. b5 Bd7 35. Qa2 g5 36. Nhf5 Bxf5 37. Nxf5 0-1

[Event "ESP-ch Rapid 2018"]
[Site "Linares"]
[Date "2018.08.19"]
[Round "9"]
[White "Ordonez Torres, Jesus"]
[Black "Beltran De Heredia E, Miguel"]
[Result "0-1"]
[ECO "B56"]
[WhiteElo "1989"]
[BlackElo "2229"]
[Annotator "NA"]
[PlyCount "198"]
[EventDate "2018.08.19"]
[EventType "team-tourn"]
[EventCountry "ESP"]
[SourceTitle "playchess.com"]
[Source "ChessBase"]
[SourceQuality "1"]
[TimeControl "900+5"]

1. e4 c5 2. Nf3 d6 3. d4 cxd4 4. Nxd4 Nf6 5. Nc3 Nc6 6. f3 e5 7. Nb3 Be6 8. Bg5 Be7 9. Bxf6 Bxf6 10. Nd5 Bg5 11. Be2 O-O 12. O-O Rc8 13. c3 Kh8 14. Qd3 Ne7 15. Nxe7 Qxe7 16. Rad1 Rfd8 17. Kh1 g6 18. Qb5 a6 19. Qa5 Kg7 20. Qa3 d5 21. Qxe7 Bxe7 22. Bd3 Rc7 23. exd5 Bxd5 24. Bc2 Rcd7 25. a3 b6 26. Nc1 Bc4 27. Rxd7 Rxd7 28. Rd1 Rxd1+ 29. Bxd1 Bg5 30. Ne2 a5 31. b3 Bd3 32. c4 Bd2 33. Kg1 f5 34. Kf2 f4 35. g4 g5 36. Ng1 h6 37. Nh3 Kf6 38. Kg2 Be3 39. Nf2 Bxf2 40. Kxf2 e4 41. fxe4 Bxe4 42. b4 axb4 43. axb4 Ke5 44. Be2 Kd4 45. Bf1 Bc2 46. Be2 Bb3 47. c5 bxc5 48. bxc5 Kxc5 49. Bd3 Kd4 50. Bf5 Bd5 51. Bd7 Ke5 52. Bb5 Bf7 53. Be2 Be6 54. Bf3 Kf6 55. Bd1 Bd5 56. Be2 Ke5 57. Bd1 Bc6 58. Be2 Bd7 59. Bd1 Kf6 60. Be2 h5 61. h3 hxg4 62. hxg4 Bc6 63. Bd1 Ke5 64. Be2 Kd4 65. Bd1 Kd3 66. Bb3 Kd2 67. Be6 Kd3 68. Bf5+ Kd4 69. Bc8 Be4 70. Bd7 Bb7 71. Be6 Ke4 72. Bf5+ Ke5 73. Bd7 Bd5 74. Ba4 Ke4 75. Bc2+ Kd4 76. Bf5 Ke5 77. Bc2 Be6 78. Bd1 Kd4 79. Be2 Kc3 80. Bd1 Kd2 81. Be2 Bd5 82. Bb5 Be4 83. Bd7 Bd5 84. Bc8 Kd3 85. Bf5+ Kd4 86. Bc8 Ke5 87. Bd7 Be6 88. Bc6 Bxg4 89. Bb7 Bf5 90. Bc6 g4 91. Bb5 Be4 92. Ba6 g3+ 93. Ke2 Kd4 94. Bc8 f3+ 95. Kf1 Ke3 96. Bh3 Bd3+ 97. Kg1 f2+ 98. Kh1 Be4+ 99. Bg2 f1=Q# 0-1

[Event "ESP-ch Rapid 2018"]
[Site "Linares"]
[Date "2018.08.19"]
[Round "9"]
[White "Ruiz Casado, Francisco Javier"]
[Black "Redondo Flores, David"]
[Result "0-1"]
[ECO "A89"]
[WhiteElo "1975"]
[BlackElo "1971"]
[Annotator "NA"]
[PlyCount "116"]
[EventDate "2018.08.19"]
[EventType "team-tourn"]
[EventCountry "ESP"]
[SourceTitle "playchess.com"]
[Source "ChessBase"]
[SourceQuality "1"]
[TimeControl "900+5"]

1. d4 d6 2. Nf3 g6 3. c4 f5 4. g3 Nf6 5. Bg2 Bg7 6. O-O O-O 7. Nc3 Nc6 8. Re1 e5 9. dxe5 dxe5 10. Qb3 e4 11. c5+ Kh8 12. Ng5 Qe7 13. Nh3 Qxc5 14. Bf4 Na5 15. Qc2 Be6 16. Be3 Qe7 17. Nb5 Nc4 18. Bf4 Nd5 19. Rad1 c6 20. Nd4 Nxf4 21. Nxf4 Bg8 22. b3 Ne5 23. Qc1 Rad8 24. Nc2 g5 25. Nh5 Bh6 26. h4 Bf7 27. hxg5 Bxg5 28. Nf4 Ng4 29. Bh3 e3 30. Nxe3 Nxe3 31. Qxe3 Qxe3 32. fxe3 Bxf4 33. exf4 Bd5 34. Bg2 Bxg2 35. Kxg2 Rfe8 36. Kf3 Kg7 37. Rxd8 Rxd8 38. e4 fxe4+ 39. Rxe4 Kf6 40. g4 Rd2 41. g5+ Kf7 42. Kg4 Rxa2 43. Rd4 Re2 44. Kf5 Re7 45. Rd3 a5 46. Kg4 b5 47. f5 a4 48. bxa4 bxa4 49. Kh5 Ra7 50. Kh6 a3 51. g6+ hxg6 52. fxg6+ Kf6 53. g7 Ra8 54. Rf3+ Ke7 55. Kh7 a2 56. Rf1 a1=Q 57. Rxa1 Rxa1 58. g8=Q Rh1+ 0-1

[Event "ESP-ch Rapid 2018"]
[Site "Linares"]
[Date "2018.08.19"]
[Round "9"]
[White "Hernandez Perez, Juan Carlos"]
[Black "Salvador Lopez, Daniel"]
[Result "1-0"]
[ECO "B18"]
[WhiteElo "1946"]
[BlackElo "2162"]
[Annotator "NA"]
[PlyCount "141"]
[EventDate "2018.08.19"]
[EventType "team-tourn"]
[EventCountry "ESP"]
[SourceTitle "playchess.com"]
[Source "ChessBase"]
[SourceQuality "1"]
[TimeControl "900+5"]

1. e4 c6 2. d4 d5 3. Nc3 dxe4 4. Nxe4 Bf5 5. Ng3 Bg6 6. Nf3 Nd7 7. Bd3 e6 8. Bf4 Ngf6 9. O-O Be7 10. c3 O-O 11. Re1 Nd5 12. Bc1 Bd6 13. Ne4 Bc7 14. Neg5 Bf4 15. Bxg6 hxg6 16. Qc2 Qf6 17. Qe4 Qf5 18. g3 Qxe4 19. Rxe4 Bxc1 20. Rxc1 N7b6 21. Re2 Rad8 22. Ne4 Nc4 23. Nfg5 Nd6 24. Nc5 b6 25. Nd3 a5 26. Nf3 Rc8 27. Nfe5 Nf6 28. Kg2 Rfd8 29. Nf3 Nd7 30. Rd1 Nf5 31. Red2 Nf6 32. Ng5 Nd7 33. Kf1 Kf8 34. Ke1 Ke7 35. Re2 Kf8 36. Nf4 Re8 37. Nd3 Nh6 38. Nf4 Ng4 39. h3 Ngf6 40. Kf1 Nd5 41. Nd3 c5 42. dxc5 Nxc5 43. Nxc5 Rxc5 44. Ne4 Rc6 45. Red2 Rec8 46. Rd4 Nf6 47. Ng5 Nd5 48. Ne4 Ke7 49. Ke2 Rc4 50. Ng5 Rxd4 51. Rxd4 b5 52. Nf3 b4 53. cxb4 axb4 54. Rd2 Ra8 55. b3 Nc3+ 56. Kd3 Nxa2 57. Ne5 Ra6 58. Kc4 Nc3 59. Rd7+ Kf6 60. Nxf7 Rb6 61. f4 Kf5 62. Ne5 Ke4 63. Rxg7 Nd5 64. Rxg6 Ra6 65. h4 Ra1 66. h5 Rh1 67. h6 Kf5 68. Kc5 Rc1+ 69. Kd6 Nf6 70. g4+ Kxf4 71. Nd3+ 1-0